Rock Island Raccoons vs Philadelphia Phantoms
Created - Thursday, February 15, 2024 at 06:41
Goals
|
| Rock Island Raccoons |
1 |
2 |
2 |
5 |
| Philadelphia Phantoms |
1 |
0 |
1 |
2 |
|
Shots
|
| Rock Island Raccoons |
6 |
8 |
16 |
30 |
| Philadelphia Phantoms |
8 |
8 |
13 |
29 |
|
1st period
1. Philadelphia Phantoms , Jack McBain 6 (Casey Fitzgerald 2) at 3:10
2. Rock Island Raccoons , Jujhar Khaira 4 (Craig Smith 7) at 4:11
Penalties :
Marcus Bjork (PHP) for Hooking (Minor) at 0:39, Andrew Ladd (RIR) for Hooking (Minor) at 4:19, Tim Gettinger (PHP) for Fighting (Major) at 15:07, Vinni Lettieri (RIR) for Fighting (Major) at 15:07, Vinni Lettieri (RIR) for instigated a fight (Minor) at 15:07, Vinni Lettieri (RIR) for instigated a fight (10 Minutes Misconduct) at 15:07
2nd period
3. Rock Island Raccoons , Alex Barre-Boulet 4 (Kyle Burroughs 4, Craig Smith 8) at 3:08
4. Rock Island Raccoons , Tuukka Tieksola 4 (Andrew Ladd 4, Brendan Smith 5) at 4:22 (PP)
Penalties :
Juuso Parssinen (PHP) for Fighting (Major) at 2:58, Logan Stanley (RIR) for Fighting (Major) at 2:58, Tim Berni (PHP) for Hooking (Minor) at 3:45, Louis Crevier (PHP) for Roughing (Minor) at 5:03, Andrew Ladd (RIR) for Interference (Minor) at 7:59
3rd period
5. Rock Island Raccoons , Vinni Lettieri 9 (Martin Chromiak 7) at 0:30
6. Rock Island Raccoons , Andrew Ladd 6 (Vinni Lettieri 6, Martin Chromiak 8) at 3:53 (PP)
7. Philadelphia Phantoms , Egor Afanasyev 5 (Juuso Parssinen 9, Marcus Bjork 5) at 8:29 (PP)
Penalties :
Marcus Bjork (PHP) for Hooking (Minor) at 2:17, Jack McBain (PHP) for Fighting (Major) at 5:06, Ryan Lindgren (RIR) for Fighting (Major) at 5:06, Brett Murray (PHP) for Fighting (Major) at 6:16, Brendan Smith (RIR) for Fighting (Major) at 6:16, William Borgen (PHP) for Fighting (Major) at 6:28, Martin Chromiak (RIR) for Fighting (Major) at 6:28, Tim Berni (PHP) for Fighting (Major) at 6:42, Karl Henriksson (RIR) for Fighting (Major) at 6:42, Adam Klapka (PHP) for Fighting (Major) at 7:08, Logan Stanley (RIR) for Fighting (Major) at 7:08, Andrew Ladd (RIR) for Diving (Minor) at 8:12, Andrew Ladd (RIR) for Charging (Double Minor) at 10:43
Goalie Stats
Mike Smith (RIR), 27 saves from 29 shots - (0.931), W, 6-4-0, 60:00 minutes
Taylor Gauthier (PHP), 25 saves from 30 shots - (0.833), L, 5-3-0, 60:00 minutes
Players Stats for Rock Island Raccoons
Player Name G A P +/- PIM S H SB GA TA FO MP PP MP PK MP
------------------------------------------------------------------------------------
Alex Barre-Boulet 1 0 1 1 0 3 1 0 2 0 2/5 21:59 3:10 4:50
Alexander Pashin 0 0 0 1 0 0 0 0 0 1 0/3 6:51 0:00 0:10
Andrew Ladd 1 1 2 1 10 5 0 0 1 0 0/1 17:12 2:47 0:24
Brendan Smith 0 1 1 0 5 0 0 0 0 0 0/0 19:07 3:11 4:20
Craig Smith 0 2 2 2 0 2 1 1 0 0 0/0 23:47 3:10 4:43
Guillaume Brisebois 0 0 0 0 0 1 0 2 0 1 0/0 13:44 0:00 1:27
Gustav Lindstrom 0 0 0 1 0 2 0 1 0 0 0/0 8:17 0:00 0:17
Jake Walman 0 0 0 1 0 1 0 1 2 1 0/0 22:51 3:00 5:02
Jan Mysak 0 0 0 -1 0 1 1 1 0 0 0/0 15:56 0:17 2:33
Jujhar Khaira 1 0 1 2 0 4 4 0 1 0 20/31 25:13 3:10 4:55
Karl Henriksson 0 0 0 -1 5 0 3 2 0 0 2/8 12:18 0:26 0:11
Kyle Burroughs 0 1 1 1 0 1 2 4 0 1 0/0 22:51 3:00 5:02
Logan Stanley 0 0 0 0 10 1 0 1 0 0 0/0 10:02 0:00 0:39
Martin Chromiak 0 2 2 1 5 1 0 0 0 1 1/1 15:03 2:50 0:00
Matthew Robertson 0 0 0 1 0 0 0 0 0 0 0/0 4:53 0:00 0:00
Ryan Lindgren 0 0 0 0 5 2 0 0 0 0 0/0 19:29 3:11 4:54
Tuukka Tieksola 1 0 1 -1 0 3 2 1 2 1 2/4 15:47 1:06 0:00
Vinni Lettieri 1 1 2 1 17 3 2 0 0 1 6/18 15:31 1:37 2:40
Players Stats for Philadelphia Phantoms
Player Name G A P +/- PIM S H SB GA TA FO MP PP MP PK MP
------------------------------------------------------------------------------------
Adam Klapka 0 0 0 -1 5 1 3 0 0 0 5/6 10:10 0:00 0:00
Alex Steeves 0 0 0 0 0 2 1 0 0 0 0/0 15:17 4:22 0:00
Brett Murray 0 0 0 0 5 2 0 0 0 0 0/0 12:28 0:32 2:38
Casey Fitzgerald 0 1 1 0 0 1 0 0 1 0 0/0 13:29 0:05 0:00
Egor Afanasyev 1 0 1 -1 0 3 0 0 0 0 0/1 17:46 5:36 0:01
Ethen Frank 0 0 0 0 0 6 2 1 0 0 8/12 16:27 4:05 0:48
Jack McBain 1 0 1 0 5 3 5 1 0 0 10/24 19:18 5:19 3:51
John Leonard 0 0 0 -1 0 0 1 0 0 0 0/0 10:29 0:00 0:00
Juuso Parssinen 0 1 1 -1 5 1 0 0 2 0 14/27 18:54 5:36 1:23
Louis Crevier 0 0 0 0 2 1 4 2 0 1 0/0 13:44 0:05 0:00
Lukas Rousek 0 0 0 -1 0 1 2 0 1 1 0/0 11:02 0:00 0:00
Marcus Bjork 0 1 1 0 4 1 3 3 0 2 0/0 21:53 4:48 0:58
Nick Blankenburg 0 0 0 -2 0 2 2 3 1 2 0/0 26:46 6:29 4:31
Nils Aman 0 0 0 -1 0 1 1 0 0 1 1/1 15:04 0:32 3:29
Tim Berni 0 0 0 0 7 1 0 0 0 0 0/0 20:35 3:39 2:32
Tim Gettinger 0 0 0 0 5 0 0 0 0 0 0/0 10:25 0:32 0:00
Tye Kartye 0 0 0 0 0 2 1 3 0 0 0/0 16:04 4:05 0:12
William Borgen 0 0 0 -2 5 1 4 0 2 1 0/0 23:47 5:20 4:21
3 Stars
1 - Jujhar Khaira (RIR)
2 - Craig Smith (RIR)
3 - Alex Barre-Boulet (RIR)
Power Play
Rock Island Raccoons - 2 on 4 Attempt(s) - 50.00%
Philadelphia Phantoms - 1 on 6 Attempt(s) - 16.67%
Penalty Kill
Rock Island Raccoons - 5 on 6 Attempt(s) - 83.33%
- Score 0 goal in Penalty Kill
Philadelphia Phantoms - 2 on 4 Attempt(s) - 50.00%
- Score 0 goal in Penalty Kill
Team Stat
Rock Island Raccoons - Hits : 16 - Faceoff Wins : 33 - Blocked Shots : 14 - Penalty Minutes : 57
Philadelphia Phantoms - Hits : 29 - Faceoff Wins : 38 - Blocked Shots : 13 - Penalty Minutes : 43
Official
Referees : Dave Lewis and Evgeny Romasko
Linesman : Vaughan Rody and Matt MacPherson
Game Notes
Vinni Lettieri beats up Tim Gettinger at 15:07 of 1st period
Juuso Parssinen beats up Logan Stanley at 2:58 of 2nd period
Jack McBain and Ryan Lindgren fight to a draw at 5:06 of 3rd period
Brett Murray beats up Brendan Smith at 6:16 of 3rd period
William Borgen beats up Martin Chromiak at 6:28 of 3rd period
Tim Berni and Karl Henriksson fight to a draw at 6:42 of 3rd period
Adam Klapka beats up Logan Stanley at 7:08 of 3rd period
8:29 of 3rd period - Philadelphia Phantoms goal is going for a video replay. After video review, Goal.
Rock Island Raccoons
5 vs 5 Forward
Center Left Wing Right Wing Time % Phy DF OF
1 Jujhar Khaira Alex Barre-Boulet Craig Smith 30 1 2 2
2 Vinni Lettieri Andrew Ladd Martin Chromiak 30 1 2 2
3 Karl Henriksson Jan Mysak Tuukka Tieksola 25 1 2 2
4 Alexander Pashin Jujhar Khaira Craig Smith 15 1 2 2
5 vs 5 Defense
Defense Defense Time % Phy DF OF
1 Ryan Lindgren Brendan Smith 30 1 2 2
2 Jake Walman Kyle Burroughs 30 1 2 2
3 Logan Stanley Guillaume Brisebois 25 1 2 2
4 Gustav Lindstrom Matthew Robertson 15 1 2 2
PowerPlay Forward
Center Left Wing Right Wing Time % Phy DF OF
1 Jujhar Khaira Alex Barre-Boulet Craig Smith 50 1 2 2
2 Vinni Lettieri Andrew Ladd Martin Chromiak 50 1 2 2
PowerPlay Defense
Defense Defense Time % Phy DF OF
1 Ryan Lindgren Brendan Smith 50 1 2 2
2 Jake Walman Kyle Burroughs 50 1 2 2
Penalty Kill 4 Players Forward
Center Wing Time % Phy DF OF
1 Jujhar Khaira Craig Smith 50 1 2 2
2 Alex Barre-Boulet Vinni Lettieri 50 1 2 2
Penalty Kill 4 Players Defense
Defense Defense Time % Phy DF OF
1 Ryan Lindgren Brendan Smith 50 1 2 2
2 Jake Walman Kyle Burroughs 50 1 2 2
Penalty Kill - 3 Players Forward
Forward Time % Phy DF OF
1 Jujhar Khaira 50 1 2 2
2 Craig Smith 50 1 2 2
Penalty Kill - 3 Players Defense
Defense Defense Time % Phy DF OF
1 Ryan Lindgren Brendan Smith 50 1 2 2
2 Jake Walman Kyle Burroughs 50 1 2 2
4 vs 4 Forward
Center Wing Time % Phy DF OF
1 Jujhar Khaira Craig Smith 50 1 2 2
2 Alex Barre-Boulet Vinni Lettieri 50 1 2 2
4 vs 4 Defense
Defense Defense Time % Phy DF OF
1 Ryan Lindgren Brendan Smith 50 1 2 2
2 Jake Walman Kyle Burroughs 50 1 2 2
Last Minutes Offensive
Center Left Wing Right Wing Defense Defense
Jujhar Khaira Alex Barre-Boulet Craig Smith Ryan Lindgren Brendan Smith
Last Minutes Defensive
Center Left Wing Right Wing Defense Defense
Jujhar Khaira Alex Barre-Boulet Craig Smith Ryan Lindgren Brendan Smith
Goaltenders
Starting : Mike Smith
Backup : Thomas Greiss
Extra Forwards
Normal : Tuukka Tieksola, Karl Henriksson, Jan Mysak - PP : Tuukka Tieksola, Karl Henriksson - PK : Jan Mysak
Extra Defensemen
Normal : Logan Stanley, Guillaume Brisebois, Gustav Lindstrom - PP : Logan Stanley - PK : Guillaume Brisebois, Gustav Lindstrom
Penalty Shots
Jujhar Khaira, Craig Smith, Alex Barre-Boulet, Vinni Lettieri, Martin Chromiak
Philadelphia Phantoms
5 vs 5 Forward
Center Left Wing Right Wing Time % Phy DF OF
1 Juuso Parssinen Egor Afanasyev John Leonard 25 0 2 3
2 Jack McBain Brett Murray Alex Steeves 25 0 2 3
3 Ethen Frank Tye Kartye Tim Gettinger 25 0 2 3
4 Adam Klapka Nils Aman Lukas Rousek 25 0 2 3
5 vs 5 Defense
Defense Defense Time % Phy DF OF
1 Nick Blankenburg William Borgen 35 1 2 2
2 Marcus Bjork Tim Berni 35 1 2 2
3 Casey Fitzgerald Louis Crevier 30 1 2 2
4 William Borgen Tim Berni 0 1 2 2
PowerPlay Forward
Center Left Wing Right Wing Time % Phy DF OF
1 Juuso Parssinen Egor Afanasyev Jack McBain 60 0 1 4
2 Ethen Frank Tye Kartye Alex Steeves 40 0 1 4
PowerPlay Defense
Defense Defense Time % Phy DF OF
1 Nick Blankenburg William Borgen 60 0 2 3
2 Marcus Bjork Tim Berni 40 0 2 3
Penalty Kill 4 Players Forward
Center Wing Time % Phy DF OF
1 Jack McBain Nils Aman 55 0 3 2
2 Juuso Parssinen Brett Murray 45 0 3 2
Penalty Kill 4 Players Defense
Defense Defense Time % Phy DF OF
1 Nick Blankenburg William Borgen 55 0 4 1
2 Marcus Bjork Tim Berni 45 0 4 1
Penalty Kill - 3 Players Forward
Forward Time % Phy DF OF
1 Jack McBain 50 0 5 0
2 Nils Aman 50 0 5 0
Penalty Kill - 3 Players Defense
Defense Defense Time % Phy DF OF
1 Nick Blankenburg William Borgen 50 0 5 0
2 Marcus Bjork Tim Berni 50 0 5 0
4 vs 4 Forward
Center Wing Time % Phy DF OF
1 Juuso Parssinen Egor Afanasyev 50 0 2 3
2 Jack McBain Brett Murray 50 0 2 3
4 vs 4 Defense
Defense Defense Time % Phy DF OF
1 Nick Blankenburg William Borgen 50 1 2 2
2 Marcus Bjork Tim Berni 50 1 2 2
Last Minutes Offensive
Center Left Wing Right Wing Defense Defense
Juuso Parssinen Egor Afanasyev Jack McBain Nick Blankenburg William Borgen
Last Minutes Defensive
Center Left Wing Right Wing Defense Defense
Juuso Parssinen Jack McBain Nils Aman Nick Blankenburg William Borgen
Goaltenders
Starting : Taylor Gauthier
Backup : Devin Cooley
Extra Forwards
Normal : Jack McBain, Juuso Parssinen, Egor Afanasyev - PP : Jack McBain, Juuso Parssinen - PK : Jack McBain
Extra Defensemen
Normal : Nick Blankenburg, William Borgen, Marcus Bjork - PP : Nick Blankenburg - PK : Nick Blankenburg, William Borgen
Penalty Shots
Ethen Frank, Tye Kartye, Brett Murray, Alex Steeves, Tim Gettinger
% Time on Ice - Rock Island Raccoons
Lines # - Real PCT - Wanted PCT - Time Play
Normal Forward
1 - 29% - 30% - 12:42
2 - 32% - 30% - 13:58
3 - 25% - 25% - 10:41
4 - 14% - 15% - 6:15
Normal Defense
1 - 30% - 30% - 13:07
2 - 34% - 30% - 14:49
3 - 25% - 25% - 10:47
4 - 11% - 15% - 4:53
PP Forward
1 - 51% - 50% - 3:10
2 - 49% - 50% - 3:01
PP Defense
1 - 51% - 50% - 3:11
2 - 49% - 50% - 3:00
PK Forward
1 - 49% - 50% - 4:59
2 - 51% - 50% - 5:14
PK Defense
1 - 51% - 50% - 5:11
2 - 49% - 50% - 5:02
PK3 Forward
1 - 0% - 50%
2 - 0% - 50%
PK3 Defense
1 - 0% - 50%
2 - 0% - 50%
44 Forward
1 - 0% - 50%
2 - 0% - 50%
44 Defense
1 - 0% - 50%
2 - 0% - 50%
Last Minute Offensive - 0:00
Last Minute Defensive - 0:00
Total
Forward - 60:00
Defense - 60:00
|
% Time on Ice - Philadelphia Phantoms
Lines # - Real PCT - Wanted PCT - Time Play
Normal Forward
1 - 25% - 25% - 10:51
2 - 25% - 25% - 10:52
3 - 25% - 25% - 10:51
4 - 25% - 25% - 11:02
Normal Defense
1 - 36% - 35% - 15:34
2 - 35% - 35% - 15:07
3 - 30% - 30% - 12:55
4 - 0% - 0% - 0:00
PP Forward
1 - 55% - 60% - 5:36
2 - 45% - 40% - 4:37
PP Defense
1 - 79% - 60% - 8:05
2 - 21% - 40% - 2:08
PK Forward
1 - 57% - 55% - 3:33
2 - 43% - 45% - 2:38
PK Defense
1 - 56% - 55% - 3:29
2 - 44% - 45% - 2:42
PK3 Forward
1 - 0% - 50%
2 - 0% - 50%
PK3 Defense
1 - 0% - 50%
2 - 0% - 50%
44 Forward
1 - 0% - 50%
2 - 0% - 50%
44 Defense
1 - 0% - 50%
2 - 0% - 50%
Last Minute Offensive - 0:00
Last Minute Defensive - 0:00
Total
Forward - 60:00
Defense - 60:00
|
Play-by-Play
1st period
0:01 of 1st period - Jujhar Khaira wins face-off versus Juuso Parssinen in neutral zone.
0:32 of 1st period - Wrist shot by Craig Smith.
0:32 of 1st period - Stopped by Taylor Gauthier with a rebound.
0:34 of 1st period - Slapshot by Ryan Lindgren.
0:34 of 1st period - Deflect By Marcus Bjork.
0:34 of 1st period - Stopped by Taylor Gauthier with a rebound.
0:39 of 1st period - Minor Penalty to Marcus Bjork for Hooking.
0:40 of 1st period - Nils Aman wins face-off versus Vinni Lettieri in Philadelphia Phantoms zone.
0:47 of 1st period - Icing by Jake Walman.
0:48 of 1st period - Vinni Lettieri wins face-off versus Jack McBain in Rock Island Raccoons zone.
1:17 of 1st period - Snap shot by Craig Smith.
1:17 of 1st period - Shot Blocked by Nick Blankenburg.
1:19 of 1st period - Snap shot by Jujhar Khaira.
1:19 of 1st period - Shot Blocked by Nick Blankenburg.
1:21 of 1st period - Slapshot by Jujhar Khaira.
1:21 of 1st period - Stopped by Taylor Gauthier with a rebound.
1:23 of 1st period - Slapshot by Kyle Burroughs.
1:23 of 1st period - Shot Misses the Net.
2:06 of 1st period - Icing by Ryan Lindgren.
2:07 of 1st period - Jack McBain wins face-off versus Jujhar Khaira in Rock Island Raccoons zone.
2:08 of 1st period - Snap shot by Nils Aman.
2:08 of 1st period - Shot Misses the Net.
2:39 of 1st period - Penalty to Marcus Bjork is over, Marcus Bjork is back on ice.
2:42 of 1st period - Snap shot by Tuukka Tieksola.
2:42 of 1st period - Stopped by Taylor Gauthier without a rebound.
2:43 of 1st period - Adam Klapka wins face-off versus Karl Henriksson in Philadelphia Phantoms zone.
3:08 of 1st period - Snap shot by Jack McBain.
3:08 of 1st period - Stopped by Mike Smith with a rebound.
3:10 of 1st period - Snap shot by Jack McBain.
3:10 of 1st period - Goal by Jack McBain - Rock Island Raccoons : 0 - Philadelphia Phantoms : 1.
3:11 of 1st period - Jack McBain wins face-off versus Vinni Lettieri in neutral zone.
3:41 of 1st period - Slapshot by Marcus Bjork.
3:41 of 1st period - Stopped by Mike Smith without a rebound.
3:42 of 1st period - Juuso Parssinen wins face-off versus Alexander Pashin in Rock Island Raccoons zone.
3:45 of 1st period - Slapshot by Egor Afanasyev.
3:45 of 1st period - Shot Blocked by Jake Walman.
4:09 of 1st period - Wrist shot by Craig Smith.
4:09 of 1st period - Stopped by Taylor Gauthier with a rebound.
4:11 of 1st period - Snap shot by Jujhar Khaira.
4:11 of 1st period - Goal by Jujhar Khaira - Rock Island Raccoons : 1 - Philadelphia Phantoms : 1.
4:12 of 1st period - Ethen Frank wins face-off versus Vinni Lettieri in neutral zone.
4:15 of 1st period - Wrist shot by Tye Kartye.
4:15 of 1st period - Stopped by Mike Smith without a rebound.
4:16 of 1st period - Vinni Lettieri wins face-off versus Ethen Frank in Rock Island Raccoons zone.
4:16 of 1st period - Vinni Lettieri is hit by Louis Crevier.
4:19 of 1st period - Minor Penalty to Andrew Ladd for Hooking.
4:20 of 1st period - Jujhar Khaira wins face-off versus Juuso Parssinen in Rock Island Raccoons zone.
4:20 of 1st period - Jujhar Khaira is hit by Nick Blankenburg.
5:05 of 1st period - Slapshot by Craig Smith.
5:05 of 1st period - Shot Misses the Net.
6:19 of 1st period - Penalty to Andrew Ladd is over, Andrew Ladd is back on ice.
8:15 of 1st period - Vinni Lettieri is hit by Jack McBain and loses puck.
9:37 of 1st period - Jujhar Khaira is hit by Ethen Frank and loses puck.
12:21 of 1st period - Ryan Lindgren is hit by Nils Aman and loses puck.
12:41 of 1st period - Guillaume Brisebois is hit by Jack McBain and loses puck.
12:56 of 1st period - Wrist shot by Tim Gettinger.
12:56 of 1st period - Deflect By Ethen Frank.
12:56 of 1st period - Stopped by Mike Smith with a rebound.
13:16 of 1st period - Jake Walman is hit by Lukas Rousek and loses puck.
13:21 of 1st period - Snap shot by Lukas Rousek.
13:21 of 1st period - Stopped by Mike Smith with a rebound.
13:23 of 1st period - Backhand shot by Nils Aman.
13:23 of 1st period - Stopped by Mike Smith without a rebound.
13:24 of 1st period - Jujhar Khaira wins face-off versus Jack McBain in Rock Island Raccoons zone.
13:31 of 1st period - Alex Steeves is hit by Jujhar Khaira and loses puck.
13:41 of 1st period - Icing by Marcus Bjork.
13:42 of 1st period - Ethen Frank wins face-off versus Karl Henriksson in Philadelphia Phantoms zone.
14:31 of 1st period - Ryan Lindgren is hit by Alex Steeves.
14:40 of 1st period - William Borgen is hit by Karl Henriksson and loses puck.
15:04 of 1st period - Snap shot by Ethen Frank.
15:04 of 1st period - Stopped by Mike Smith without a rebound.
15:05 of 1st period - Vinni Lettieri wins face-off versus Ethen Frank in Rock Island Raccoons zone.
15:07 of 1st period - Vinni Lettieri beats up Tim Gettinger.
15:07 of 1st period - Penalty to Tim Gettinger for Fighting.
15:07 of 1st period - Penalty to Vinni Lettieri for Fighting.
15:07 of 1st period - Penalty to Vinni Lettieri for instigated a fight.
15:07 of 1st period - Penalty to Vinni Lettieri for instigated a fight.
15:08 of 1st period - Juuso Parssinen wins face-off versus Alex Barre-Boulet in Rock Island Raccoons zone.
17:07 of 1st period - Penalty to Vinni Lettieri is over, Tuukka Tieksola is send on ice.
17:21 of 1st period - Brendan Smith is hit by Adam Klapka.
17:27 of 1st period - Tuukka Tieksola is hit by Marcus Bjork and loses puck.
18:50 of 1st period - Icing by Jujhar Khaira.
18:51 of 1st period - Adam Klapka wins face-off versus Alexander Pashin in Rock Island Raccoons zone.
19:30 of 1st period - Icing by Tim Berni.
19:31 of 1st period - Jujhar Khaira wins face-off versus Adam Klapka in Philadelphia Phantoms zone.
Goals for this period are 1 for Rock Island Raccoons vs 1 for Philadelphia Phantoms.
Shots for this period are 6 for Rock Island Raccoons vs 8 for Philadelphia Phantoms.
2nd period
0:01 of 2nd period - Jujhar Khaira wins face-off versus Jack McBain in neutral zone.
0:27 of 2nd period - Snap shot by John Leonard.
0:27 of 2nd period - Shot Blocked by Karl Henriksson.
0:29 of 2nd period - Snap shot by Egor Afanasyev.
0:29 of 2nd period - Shot Misses the Net.
0:55 of 2nd period - Lukas Rousek is hit by Kyle Burroughs and loses puck.
1:17 of 2nd period - Off-side.
1:18 of 2nd period - Tuukka Tieksola wins face-off versus Jack McBain in neutral zone.
1:25 of 2nd period - Slapshot by Nick Blankenburg.
1:25 of 2nd period - Stopped by Mike Smith without a rebound.
1:26 of 2nd period - Juuso Parssinen wins face-off versus Jujhar Khaira in Rock Island Raccoons zone.
1:41 of 2nd period - Wrist shot by Jujhar Khaira.
1:41 of 2nd period - Stopped by Taylor Gauthier with a rebound.
1:59 of 2nd period - Wrist shot by Brett Murray.
1:59 of 2nd period - Stopped by Mike Smith with a rebound.
2:01 of 2nd period - Wrist shot by Alex Steeves.
2:01 of 2nd period - Stopped by Mike Smith with a rebound.
2:03 of 2nd period - Wrist shot by Brett Murray.
2:03 of 2nd period - Shot Misses the Net.
2:37 of 2nd period - Off-side.
2:38 of 2nd period - Adam Klapka wins face-off versus Tuukka Tieksola in neutral zone.
2:47 of 2nd period - Snap shot by Martin Chromiak.
2:47 of 2nd period - Stopped by Taylor Gauthier without a rebound.
2:48 of 2nd period - Jujhar Khaira wins face-off versus Juuso Parssinen in Philadelphia Phantoms zone.
2:58 of 2nd period - Juuso Parssinen beats up Logan Stanley.
2:58 of 2nd period - Penalty to Juuso Parssinen for Fighting.
2:58 of 2nd period - Penalty to Logan Stanley for Fighting.
2:59 of 2nd period - Jujhar Khaira wins face-off versus Jack McBain in Rock Island Raccoons zone.
3:04 of 2nd period - Wrist shot by Craig Smith.
3:04 of 2nd period - Shot Misses the Net.
3:06 of 2nd period - Slapshot by Kyle Burroughs.
3:06 of 2nd period - Stopped by Taylor Gauthier with a rebound.
3:08 of 2nd period - Slapshot by Alex Barre-Boulet.
3:08 of 2nd period - Goal by Alex Barre-Boulet - Rock Island Raccoons : 2 - Philadelphia Phantoms : 1.
3:09 of 2nd period - Jujhar Khaira wins face-off versus Jack McBain in neutral zone.
3:43 of 2nd period - Wrist shot by Karl Henriksson.
3:43 of 2nd period - Shot Blocked by Ethen Frank.
3:45 of 2nd period - Minor Penalty to Tim Berni for Hooking.
3:46 of 2nd period - Jujhar Khaira wins face-off versus Jack McBain in Philadelphia Phantoms zone.
4:12 of 2nd period - Icing by Ryan Lindgren.
4:13 of 2nd period - Jack McBain wins face-off versus Tuukka Tieksola in Rock Island Raccoons zone.
4:16 of 2nd period - Backhand shot by Nick Blankenburg.
4:16 of 2nd period - Shot Misses the Net.
4:22 of 2nd period - Snap shot by Tuukka Tieksola.
4:22 of 2nd period - Goal by Tuukka Tieksola - Rock Island Raccoons : 3 - Philadelphia Phantoms : 1.
4:23 of 2nd period - Jujhar Khaira wins face-off versus Jack McBain in neutral zone.
4:32 of 2nd period - Kyle Burroughs is hit by William Borgen and loses puck.
4:51 of 2nd period - Icing by Kyle Burroughs.
4:52 of 2nd period - Ethen Frank wins face-off versus Karl Henriksson in Rock Island Raccoons zone.
4:55 of 2nd period - Wrist shot by Tye Kartye.
4:55 of 2nd period - Deflect By Ethen Frank.
4:55 of 2nd period - Stopped by Mike Smith with a rebound.
4:57 of 2nd period - Snap shot by Tim Gettinger.
4:57 of 2nd period - Deflect By Brendan Smith.
4:57 of 2nd period - Shot Blocked by Jan Mysak.
4:57 of 2nd period - Puck is out of play.
4:58 of 2nd period - Jujhar Khaira wins face-off versus Jack McBain in Rock Island Raccoons zone.
4:58 of 2nd period - Jujhar Khaira is hit by Louis Crevier.
5:03 of 2nd period - Minor Penalty to Louis Crevier for Roughing.
5:04 of 2nd period - Jujhar Khaira wins face-off versus Jack McBain in Philadelphia Phantoms zone.
6:11 of 2nd period - Snap shot by Alex Barre-Boulet.
6:11 of 2nd period - Shot Misses the Net.
6:39 of 2nd period - Martin Chromiak is hit by Tye Kartye and loses puck.
7:03 of 2nd period - Penalty to Louis Crevier is over, Louis Crevier is back on ice.
7:18 of 2nd period - Wrist shot by Egor Afanasyev.
7:18 of 2nd period - Stopped by Mike Smith without a rebound.
7:19 of 2nd period - Karl Henriksson wins face-off versus Jack McBain in Rock Island Raccoons zone.
7:24 of 2nd period - Snap shot by Karl Henriksson.
7:24 of 2nd period - Deflect By Jan Mysak.
7:24 of 2nd period - Shot Blocked by Jack McBain.
7:24 of 2nd period - Puck is out of play.
7:25 of 2nd period - Jack McBain wins face-off versus Karl Henriksson in Philadelphia Phantoms zone.
7:36 of 2nd period - Snap shot by John Leonard.
7:36 of 2nd period - Shot Misses the Net.
7:59 of 2nd period - Minor Penalty to Andrew Ladd for Interference.
8:00 of 2nd period - Juuso Parssinen wins face-off versus Jujhar Khaira in Rock Island Raccoons zone.
8:00 of 2nd period - Wrist shot by Jack McBain.
8:00 of 2nd period - Shot Misses the Net.
8:02 of 2nd period - Wrist shot by Egor Afanasyev.
8:02 of 2nd period - Shot Blocked by Kyle Burroughs.
8:04 of 2nd period - Slapshot by Juuso Parssinen.
8:04 of 2nd period - Shot Misses the Net.
8:06 of 2nd period - Slapshot by William Borgen.
8:06 of 2nd period - Shot Misses the Net.
8:08 of 2nd period - Slapshot by William Borgen.
8:08 of 2nd period - Shot Misses the Net.
8:10 of 2nd period - Backhand shot by Nick Blankenburg.
8:10 of 2nd period - Deflect By Juuso Parssinen.
8:10 of 2nd period - Shot Blocked by Kyle Burroughs.
8:10 of 2nd period - Puck is out of play.
8:11 of 2nd period - Jujhar Khaira wins face-off versus Juuso Parssinen in Rock Island Raccoons zone.
8:11 of 2nd period - Jujhar Khaira is hit by Jack McBain.
8:31 of 2nd period - Jan Mysak is hit by Jack McBain and loses puck.
8:42 of 2nd period - Snap shot by Jan Mysak.
8:42 of 2nd period - Stopped by Taylor Gauthier with a rebound.
8:50 of 2nd period - Jujhar Khaira is hit by William Borgen and loses puck.
9:02 of 2nd period - Icing by Juuso Parssinen.
9:03 of 2nd period - Alex Barre-Boulet wins face-off versus Juuso Parssinen in Philadelphia Phantoms zone.
9:23 of 2nd period - Off-side.
9:24 of 2nd period - Ethen Frank wins face-off versus Jujhar Khaira in neutral zone.
9:49 of 2nd period - Kyle Burroughs is hit by Ethen Frank and loses puck.
9:59 of 2nd period - Penalty to Andrew Ladd is over, Andrew Ladd is back on ice.
10:07 of 2nd period - 10 Minutes Misconduct Penalty to Vinni Lettieri is over.
10:07 of 2nd period - Wrist shot by Jujhar Khaira.
10:07 of 2nd period - Shot Blocked by Marcus Bjork.
10:09 of 2nd period - Slapshot by Jujhar Khaira.
10:09 of 2nd period - Shot Misses the Net.
10:11 of 2nd period - Slapshot by Ryan Lindgren.
10:11 of 2nd period - Shot Blocked by Marcus Bjork.
10:13 of 2nd period - Slapshot by Ryan Lindgren.
10:13 of 2nd period - Shot Blocked by Tye Kartye.
10:15 of 2nd period - Slapshot by Brendan Smith.
10:15 of 2nd period - Shot Blocked by Tye Kartye.
10:17 of 2nd period - Slapshot by Brendan Smith.
10:17 of 2nd period - Shot Misses the Net.
10:35 of 2nd period - Wrist shot by Jujhar Khaira.
10:35 of 2nd period - Shot Blocked by Marcus Bjork.
10:37 of 2nd period - Wrist shot by Andrew Ladd.
10:37 of 2nd period - Stopped by Taylor Gauthier with a rebound.
10:39 of 2nd period - Snap shot by Ryan Lindgren.
10:39 of 2nd period - Shot Blocked by Tye Kartye.
10:41 of 2nd period - Snap shot by Andrew Ladd.
10:41 of 2nd period - Stopped by Taylor Gauthier without a rebound.
10:42 of 2nd period - Adam Klapka wins face-off versus Karl Henriksson in Philadelphia Phantoms zone.
10:42 of 2nd period - Adam Klapka is hit by Karl Henriksson.
10:49 of 2nd period - William Borgen is hit by Tuukka Tieksola and loses puck.
11:08 of 2nd period - Martin Chromiak is hit by William Borgen.
12:34 of 2nd period - Marcus Bjork is hit by Jan Mysak and loses puck.
13:11 of 2nd period - Gustav Lindstrom is hit by Adam Klapka.
13:51 of 2nd period - Alexander Pashin is hit by John Leonard and loses puck.
14:04 of 2nd period - Wrist shot by Ethen Frank.
14:04 of 2nd period - Stopped by Mike Smith with a rebound.
14:43 of 2nd period - Lukas Rousek is hit by Jujhar Khaira and loses puck.
15:52 of 2nd period - Jan Mysak is hit by Louis Crevier and loses puck.
16:11 of 2nd period - Tim Berni is hit by Jujhar Khaira and loses puck.
17:00 of 2nd period - Ethen Frank is hit by Craig Smith and loses puck.
17:11 of 2nd period - Slapshot by William Borgen.
17:11 of 2nd period - Shot Blocked by Kyle Burroughs.
17:13 of 2nd period - Wrist shot by Casey Fitzgerald.
17:13 of 2nd period - Deflect By Brett Murray.
17:13 of 2nd period - Stopped by Mike Smith with a rebound.
17:15 of 2nd period - Wrist shot by Brett Murray.
17:15 of 2nd period - Shot Misses the Net.
17:17 of 2nd period - Wrist shot by Alex Steeves.
17:17 of 2nd period - Stopped by Mike Smith with a rebound.
17:19 of 2nd period - Snap shot by Jack McBain.
17:19 of 2nd period - Shot Blocked by Karl Henriksson.
17:33 of 2nd period - Logan Stanley is hit by Louis Crevier.
17:51 of 2nd period - Andrew Ladd is hit by William Borgen and loses puck.
18:00 of 2nd period - Ethen Frank is hit by Vinni Lettieri and loses puck.
18:52 of 2nd period - Off-side.
18:53 of 2nd period - Juuso Parssinen wins face-off versus Karl Henriksson in neutral zone.
Goals for this period are 2 for Rock Island Raccoons vs 0 for Philadelphia Phantoms.
Shots for this period are 8 for Rock Island Raccoons vs 8 for Philadelphia Phantoms.
3rd period
0:01 of 3rd period - Jujhar Khaira wins face-off versus Ethen Frank in neutral zone.
0:04 of 3rd period - Tim Gettinger is hit by Jujhar Khaira.
0:30 of 3rd period - Slapshot by Vinni Lettieri.
0:30 of 3rd period - Goal by Vinni Lettieri - Rock Island Raccoons : 4 - Philadelphia Phantoms : 1.
0:31 of 3rd period - Ethen Frank wins face-off versus Jujhar Khaira in neutral zone.
0:34 of 3rd period - Slapshot by William Borgen.
0:34 of 3rd period - Shot Misses the Net.
0:56 of 3rd period - Tim Gettinger is hit by Karl Henriksson and loses puck.
1:10 of 3rd period - William Borgen is hit by Tuukka Tieksola.
2:17 of 3rd period - Minor Penalty to Marcus Bjork for Hooking.
2:18 of 3rd period - Jack McBain wins face-off versus Jujhar Khaira in Philadelphia Phantoms zone.
2:30 of 3rd period - Off-side.
2:31 of 3rd period - Jack McBain wins face-off versus Jujhar Khaira in neutral zone.
2:36 of 3rd period - Slapshot by Nick Blankenburg.
2:36 of 3rd period - Stopped by Mike Smith without a rebound.
2:37 of 3rd period - Jack McBain wins face-off versus Jujhar Khaira in Rock Island Raccoons zone.
2:42 of 3rd period - Wrist shot by Jack McBain.
2:42 of 3rd period - Shot Misses the Net.
3:10 of 3rd period - Tim Berni is hit by Alex Barre-Boulet and loses puck.
3:19 of 3rd period - Wrist shot by Jujhar Khaira.
3:19 of 3rd period - Stopped by Taylor Gauthier without a rebound.
3:20 of 3rd period - Juuso Parssinen wins face-off versus Vinni Lettieri in Philadelphia Phantoms zone.
3:31 of 3rd period - Juuso Parssinen is hit by Kyle Burroughs and loses puck.
3:39 of 3rd period - Icing by Martin Chromiak.
3:40 of 3rd period - Jack McBain wins face-off versus Vinni Lettieri in Rock Island Raccoons zone.
3:53 of 3rd period - Wrist shot by Vinni Lettieri.
3:53 of 3rd period - Deflect By Andrew Ladd.
3:53 of 3rd period - Goal by Andrew Ladd - Rock Island Raccoons : 5 - Philadelphia Phantoms : 1.
3:54 of 3rd period - Jujhar Khaira wins face-off versus Jack McBain in neutral zone.
4:39 of 3rd period - Slapshot by Alex Barre-Boulet.
4:39 of 3rd period - Stopped by Taylor Gauthier with a rebound.
4:41 of 3rd period - Slapshot by Alex Barre-Boulet.
4:41 of 3rd period - Shot Misses the Net.
4:43 of 3rd period - Slapshot by Kyle Burroughs.
4:43 of 3rd period - Shot Misses the Net.
4:45 of 3rd period - Slapshot by Alex Barre-Boulet.
4:45 of 3rd period - Stopped by Taylor Gauthier without a rebound.
4:46 of 3rd period - Juuso Parssinen wins face-off versus Vinni Lettieri in Philadelphia Phantoms zone.
4:53 of 3rd period - Slapshot by Ryan Lindgren.
4:53 of 3rd period - Stopped by Taylor Gauthier without a rebound.
4:54 of 3rd period - Martin Chromiak wins face-off versus Jack McBain in Philadelphia Phantoms zone.
5:01 of 3rd period - Slapshot by Ryan Lindgren.
5:01 of 3rd period - Deflect By Andrew Ladd.
5:01 of 3rd period - Shot Blocked by Louis Crevier.
5:01 of 3rd period - Puck is out of play.
5:02 of 3rd period - Jack McBain wins face-off versus Vinni Lettieri in Philadelphia Phantoms zone.
5:06 of 3rd period - Jack McBain and Ryan Lindgren fight to a draw.
5:06 of 3rd period - Penalty to Jack McBain for Fighting.
5:06 of 3rd period - Penalty to Ryan Lindgren for Fighting.
5:07 of 3rd period - Juuso Parssinen wins face-off versus Vinni Lettieri in neutral zone.
5:14 of 3rd period - Martin Chromiak is hit by Nick Blankenburg and loses puck.
5:38 of 3rd period - Snap shot by Marcus Bjork.
5:38 of 3rd period - Shot Blocked by Guillaume Brisebois.
5:40 of 3rd period - Snap shot by Adam Klapka.
5:40 of 3rd period - Stopped by Mike Smith with a rebound.
5:42 of 3rd period - Snap shot by Adam Klapka.
5:42 of 3rd period - Shot Misses the Net.
5:52 of 3rd period - Craig Smith is hit by Marcus Bjork and loses puck.
5:57 of 3rd period - Snap shot by Ethen Frank.
5:57 of 3rd period - Stopped by Mike Smith with a rebound.
5:59 of 3rd period - Snap shot by Tye Kartye.
5:59 of 3rd period - Stopped by Mike Smith with a rebound.
6:01 of 3rd period - Slapshot by Louis Crevier.
6:01 of 3rd period - Shot Blocked by Logan Stanley.
6:03 of 3rd period - Snap shot by Ethen Frank.
6:03 of 3rd period - Stopped by Mike Smith without a rebound.
6:04 of 3rd period - Juuso Parssinen wins face-off versus Vinni Lettieri in Rock Island Raccoons zone.
6:07 of 3rd period - Wrist shot by Juuso Parssinen.
6:07 of 3rd period - Shot Misses the Net.
6:09 of 3rd period - Slapshot by Louis Crevier.
6:09 of 3rd period - Stopped by Mike Smith without a rebound.
6:10 of 3rd period - Vinni Lettieri wins face-off versus Juuso Parssinen in Rock Island Raccoons zone.
6:16 of 3rd period - Brett Murray beats up Brendan Smith.
6:16 of 3rd period - Penalty to Brett Murray for Fighting.
6:16 of 3rd period - Penalty to Brendan Smith for Fighting.
6:17 of 3rd period - Adam Klapka wins face-off versus Vinni Lettieri in neutral zone.
6:20 of 3rd period - Andrew Ladd is hit by Lukas Rousek and loses puck.
6:28 of 3rd period - William Borgen beats up Martin Chromiak.
6:28 of 3rd period - Penalty to William Borgen for Fighting.
6:28 of 3rd period - Penalty to Martin Chromiak for Fighting.
6:29 of 3rd period - Karl Henriksson wins face-off versus Juuso Parssinen in neutral zone.
6:38 of 3rd period - Wrist shot by Egor Afanasyev.
6:38 of 3rd period - Stopped by Mike Smith with a rebound.
6:40 of 3rd period - Slapshot by Tim Berni.
6:40 of 3rd period - Stopped by Mike Smith with a rebound.
6:42 of 3rd period - Snap shot by Tim Berni.
6:42 of 3rd period - Deflect By Juuso Parssinen.
6:42 of 3rd period - Stopped by Mike Smith without a rebound.
6:42 of 3rd period - Tim Berni and Karl Henriksson fight to a draw.
6:42 of 3rd period - Penalty to Tim Berni for Fighting.
6:42 of 3rd period - Penalty to Karl Henriksson for Fighting.
6:43 of 3rd period - Juuso Parssinen wins face-off versus Jujhar Khaira in Rock Island Raccoons zone.
7:08 of 3rd period - Adam Klapka beats up Logan Stanley.
7:08 of 3rd period - Penalty to Adam Klapka for Fighting.
7:08 of 3rd period - Penalty to Logan Stanley for Fighting.
7:09 of 3rd period - Tuukka Tieksola wins face-off versus Egor Afanasyev in Philadelphia Phantoms zone.
7:10 of 3rd period - Wrist shot by Vinni Lettieri.
7:10 of 3rd period - Stopped by Taylor Gauthier with a rebound.
7:12 of 3rd period - Snap shot by Andrew Ladd.
7:12 of 3rd period - Stopped by Taylor Gauthier with a rebound.
7:14 of 3rd period - Snap shot by Andrew Ladd.
7:14 of 3rd period - Stopped by Taylor Gauthier with a rebound.
7:16 of 3rd period - Snap shot by Gustav Lindstrom.
7:16 of 3rd period - Stopped by Taylor Gauthier with a rebound.
7:18 of 3rd period - Wrist shot by Tuukka Tieksola.
7:18 of 3rd period - Stopped by Taylor Gauthier without a rebound.
7:19 of 3rd period - Juuso Parssinen wins face-off versus Andrew Ladd in Philadelphia Phantoms zone.
7:25 of 3rd period - Icing by Egor Afanasyev.
7:26 of 3rd period - Jujhar Khaira wins face-off versus Juuso Parssinen in Philadelphia Phantoms zone.
7:39 of 3rd period - Snap shot by Egor Afanasyev.
7:39 of 3rd period - Shot Misses the Net.
7:41 of 3rd period - Slapshot by Marcus Bjork.
7:41 of 3rd period - Shot Blocked by Kyle Burroughs.
7:43 of 3rd period - Wrist shot by Egor Afanasyev.
7:43 of 3rd period - Shot Misses the Net.
7:47 of 3rd period - Wrist shot by John Leonard.
7:47 of 3rd period - Deflect By Egor Afanasyev.
7:47 of 3rd period - Shot Misses the Net.
7:47 of 3rd period - Puck is out of play.
7:48 of 3rd period - Vinni Lettieri wins face-off versus Juuso Parssinen in Rock Island Raccoons zone.
7:50 of 3rd period - Icing by Tuukka Tieksola.
7:51 of 3rd period - Juuso Parssinen wins face-off versus Vinni Lettieri in Rock Island Raccoons zone.
8:12 of 3rd period - Minor Penalty to Andrew Ladd for Diving.
8:13 of 3rd period - Jujhar Khaira wins face-off versus Juuso Parssinen in Rock Island Raccoons zone.
8:25 of 3rd period - Slapshot by Marcus Bjork.
8:25 of 3rd period - Shot Misses the Net.
8:27 of 3rd period - Wrist shot by Juuso Parssinen.
8:27 of 3rd period - Shot Blocked by Gustav Lindstrom.
8:29 of 3rd period - Wrist shot by Egor Afanasyev.
8:29 of 3rd period - Philadelphia Phantoms goal is going for a video replay.
8:29 of 3rd period - The goal is good.
8:29 of 3rd period - Goal by Egor Afanasyev - Rock Island Raccoons : 5 - Philadelphia Phantoms : 2.
8:30 of 3rd period - Juuso Parssinen wins face-off versus Jujhar Khaira in neutral zone.
8:42 of 3rd period - Off-side.
8:43 of 3rd period - Ethen Frank wins face-off versus Jujhar Khaira in neutral zone.
9:18 of 3rd period - Icing by Juuso Parssinen.
9:19 of 3rd period - Vinni Lettieri wins face-off versus Juuso Parssinen in Philadelphia Phantoms zone.
9:24 of 3rd period - Snap shot by Vinni Lettieri.
9:24 of 3rd period - Shot Misses the Net.
9:26 of 3rd period - Snap shot by Vinni Lettieri.
9:26 of 3rd period - Shot Blocked by Louis Crevier.
9:28 of 3rd period - Snap shot by Gustav Lindstrom.
9:28 of 3rd period - Stopped by Taylor Gauthier with a rebound.
9:30 of 3rd period - Slapshot by Gustav Lindstrom.
9:30 of 3rd period - Shot Misses the Net.
9:32 of 3rd period - Snap shot by Vinni Lettieri.
9:32 of 3rd period - Shot Misses the Net.
9:34 of 3rd period - Wrist shot by Guillaume Brisebois.
9:34 of 3rd period - Deflect By Lukas Rousek.
9:34 of 3rd period - Stopped by Taylor Gauthier without a rebound.
9:35 of 3rd period - Jujhar Khaira wins face-off versus Juuso Parssinen in Philadelphia Phantoms zone.
10:43 of 3rd period - Double Minor Penalty to Andrew Ladd for Charging.
10:44 of 3rd period - Juuso Parssinen wins face-off versus Alex Barre-Boulet in Rock Island Raccoons zone.
10:49 of 3rd period - Snap shot by Juuso Parssinen.
10:49 of 3rd period - Shot Misses the Net.
10:51 of 3rd period - Snap shot by Juuso Parssinen.
10:51 of 3rd period - Shot Blocked by Guillaume Brisebois.
10:53 of 3rd period - Backhand shot by Egor Afanasyev.
10:53 of 3rd period - Deflect By Juuso Parssinen.
10:53 of 3rd period - Shot Misses the Net.
10:53 of 3rd period - Puck is out of play.
10:54 of 3rd period - Alex Barre-Boulet wins face-off versus Juuso Parssinen in Rock Island Raccoons zone.
11:16 of 3rd period - Penalty to Brendan Smith is over, Brendan Smith is back on ice.
11:19 of 3rd period - Wrist shot by Jack McBain.
11:19 of 3rd period - Stopped by Mike Smith with a rebound.
11:21 of 3rd period - Wrist shot by Jack McBain.
11:21 of 3rd period - Shot Misses the Net.
11:31 of 3rd period - Jujhar Khaira is hit by Jack McBain and loses puck.
12:08 of 3rd period - Penalty to Logan Stanley is over, Logan Stanley is back on ice.
12:37 of 3rd period - Slapshot by Egor Afanasyev.
12:37 of 3rd period - Shot Misses the Net.
13:02 of 3rd period - Slapshot by William Borgen.
13:02 of 3rd period - Shot Misses the Net.
13:04 of 3rd period - Wrist shot by Tye Kartye.
13:04 of 3rd period - Shot Blocked by Craig Smith.
13:06 of 3rd period - Snap shot by Tim Berni.
13:06 of 3rd period - Shot Misses the Net.
13:08 of 3rd period - Wrist shot by William Borgen.
13:08 of 3rd period - Stopped by Mike Smith without a rebound.
13:09 of 3rd period - Jujhar Khaira wins face-off versus Ethen Frank in Rock Island Raccoons zone.
14:00 of 3rd period - Off-side.
14:01 of 3rd period - Ethen Frank wins face-off versus Alex Barre-Boulet in neutral zone.
14:43 of 3rd period - Penalty to Andrew Ladd is over, Andrew Ladd is back on ice.
15:27 of 3rd period - Snap shot by Jake Walman.
15:27 of 3rd period - Stopped by Taylor Gauthier with a rebound.
16:14 of 3rd period - Ryan Lindgren is hit by Adam Klapka and loses puck.
17:06 of 3rd period - Icing by Vinni Lettieri.
17:07 of 3rd period - Jack McBain wins face-off versus Alexander Pashin in Rock Island Raccoons zone.
17:24 of 3rd period - Slapshot by Logan Stanley.
17:24 of 3rd period - Stopped by Taylor Gauthier with a rebound.
17:26 of 3rd period - Wrist shot by Tuukka Tieksola.
17:26 of 3rd period - Shot Blocked by Nick Blankenburg.
17:37 of 3rd period - Off-side.
17:38 of 3rd period - Ethen Frank wins face-off versus Vinni Lettieri in neutral zone.
18:21 of 3rd period - Guillaume Brisebois is hit by Marcus Bjork and loses puck.
18:30 of 3rd period - Marcus Bjork is hit by Vinni Lettieri and loses puck.
18:35 of 3rd period - Snap shot by Vinni Lettieri.
18:35 of 3rd period - Stopped by Taylor Gauthier without a rebound.
18:36 of 3rd period - Jujhar Khaira wins face-off versus Jack McBain in Philadelphia Phantoms zone.
19:03 of 3rd period - Slapshot by Tuukka Tieksola.
19:03 of 3rd period - Shot Misses the Net.
19:27 of 3rd period - Wrist shot by Lukas Rousek.
19:27 of 3rd period - Shot Blocked by Tuukka Tieksola.
19:29 of 3rd period - Slapshot by Casey Fitzgerald.
19:29 of 3rd period - Deflect By Karl Henriksson.
19:29 of 3rd period - Stopped by Mike Smith with a rebound.
Goals for this period are 2 for Rock Island Raccoons vs 1 for Philadelphia Phantoms.
Shots for this period are 16 for Rock Island Raccoons vs 13 for Philadelphia Phantoms.
Back to the Top